Map: Cyber Forest LE

Players

Apollo

  • Race: Terran Terran
  • Spawn Location: 11:00

Throwfordays - Winner!

  • Race: Protoss Protoss
  • League: Bronze
  • Spawn Location: 5:00

VOD

Have the link to the VOD?

Description

Time

  • Played on: Jan. 22, 2019, 7:52 p.m.
  • Length: 5:44
Show
View Real Time Build Order
Export as new Build Order

Apollo Terran 

Build Orders:  

Get SALT Encoding   

  12  0:02  SCV  
  13  0:14  SCV  
  14  0:22  Supply Depot  
  14  0:26  SCV  
  15  0:43  SCV  
  15  0:48  Barracks  
  16  0:55  SCV  
  17  0:57  Refinery  
  17  1:10  SCV  
  18  1:36  Marine  
  19  1:58  Supply Depot, Orbital Command  
  20  2:14  Barracks Tech Lab  
  19  2:23  Supply Depot  
  19  2:35  SCV  
  20  2:43  Barracks  
  20  2:46  Supply Depot, Combat Shield  
  20  2:47  SCV  
  21  2:54  Refinery  
  21  2:59  SCV  
  22  3:11  SCV  
  23  3:24  SCV  
  24  3:36  SCV  
  24  3:37  Barracks  
  24  3:38  Barracks Reactor, Command Center  
  25  3:47  Barracks  
  25  3:48  SCV  
  26  4:00  SCV  
  27  4:33  Barracks Reactor  
  27  4:34  Engineering Bay  
  27  4:53  SCV  
  28  5:05  SCV  
  29  5:12  Barracks Reactor  
  29  5:13  Missile Turret  
  29  5:15  Command Center  
  29  5:17  SCV  
  29  5:19  Barracks  
  30  5:29  SCV  
Show
View Real Time Build Order
Export as new Build Order

Throwfordays Protoss - Winner!

Build Orders:  

Get SALT Encoding   

  12  0:00  Probe  
  13  0:13  Probe  
  14  0:18  Pylon  
  14  0:25  Probe  
  15  0:37  Probe  
  15  0:38  Gateway  
  16  0:54  Probe  
  16  0:56  Assimilator  
  17  1:07  Gateway  
  17  1:16  Probe  
  18  1:25  Cybernetics Core  
  18  1:28  Probe  
  19  1:40  Probe  
  19  1:41  Warp Gate  
  20  1:50  Pylon  
  20  2:00  Assimilator  
  20  2:15  Pylon  
  20  2:18  Nexus  
  20  2:24  Probe  
  21  2:32  Probe  
  21  2:35  Gateway  
  22  2:42  Probe  
  22  2:43  Gateway  
  23  2:54  Stalker  
  25  2:58  Stalker  
  25  3:02  Probe  
  28  3:14  Probe  
  29  3:27  Probe  
  30  3:28  Probe  
  31  3:36  Probe  
  31  3:39  Probe  
  33  3:46  Stalker, Probe  
  35  3:51  Probe  
  35  3:53  Stalker  
  39  3:58  Probe  
  39  3:59  Stalker  
  42  4:03  Probe  
  42  4:05  Stalker  
  45  4:10  Probe  
  45  4:11  Probe  
  47  4:19  Probe  
  47  4:21  Stalker  
  47  4:22  Probe  
  51  4:26  Stalker  
  51  4:29  Probe  
  54  4:43  Pylon  
  54  4:45  Pylon  
  54  4:57  Pylon  
  54  5:00  Pylon  
  54  5:01  Probe  
  54  5:03  Pylon  
  54  5:04  Stalker  
  54  5:05  Stalker x3  
  63  5:15  Forge  
  63  5:28  Stalker  
  63  5:29  Stalker x3  
Tags
 
League
Bronze
Matchup
PvT
Replay Pack
Multiplayer
Spawn Locations
Cross Positions
Add a new tag
Caveats
  • Supply blocks, unpowered buildings, or Contaminate may cause inaccurate times.
  • Supply counts are checked every 10 seconds.